 Seeded DCSS version 0.28-a0-1395-g4f6bc678fa (webtiles) character file.

Game seed: 20220104 (custom seed)

14 DarkBird the Bolt Thrower (level 2, 24/24 HPs)
             Began as a Draconian Wanderer on Jan 4, 2022.
             Was a Follower of Kikubaaqudgha.
             Quit the game on level 1 of the Dungeon.
             The game lasted 00:07:20 (263 turns).

DarkBird the Bolt Thrower (Draconian Wanderer)       Turns: 263, Time: 00:07:20

Health: 24/24      AC:  4    Str: 16    XL:     2   Next: 31%
Magic:  2/2        EV: 11    Int: 10    God:    Kikubaaqudgha [*.....]
Gold:   28         SH:  4    Dex: 10    Spells: 0/1 levels left

rFire   . . .      SeeInvis .   a - +2 hand crossbow
rCold   . . .      Faith    .   d - +0 buckler
rNeg    . . .      Spirit   .   (armour unavailable)
rPois   .          Reflect  .   (helmet restricted)
rElec   .          Harm     .   (no cloak)
rCorr   .          Rampage  .   (no gloves)
Will    .....                   (no boots)
Stlth   +.........              (no amulet)
HPRegen 0.08/turn               (no ring)
MPRegen 0.08/turn               (no ring)

@: no status effects
A: AC +4, unfitting armour, cold-blooded
a: Renounce Religion, Receive Corpses


You were on level 1 of the Dungeon.
You worshipped Kikubaaqudgha.
Kikubaaqudgha was aware of your devotion.
You visited 1 branch of the dungeon, and saw 1 of its levels.

You collected 28 gold pieces.

Inventory:

Hand Weapons
 a - a +2 hand crossbow (weapon)
 c - a +0 hand axe
Missiles
 b - 27 bolts (quivered ammo)
Armour
 d - a +0 buckler (worn)
Potions
 e - a potion of might {unknown}


   Skills:
 * Level 2.2 Fighting
 * Level 1.1 Axes
 + Level 4.9 Crossbows
 * Level 0.2 Stealth
 * Level 2.1 Shields


You couldn't memorise any spells.
You knew the following spells:

 Your Spells              Type           Power      Damage    Failure   Level
a - Magic Dart            Conj           0%         1d3       43%         1

Your spell library contained the following spells:

 Spells                   Type           Power      Damage    Failure   Level
 Pain                     Necr           0%         1d4       43%         1
 Call Imp                 Summ           0%         N/A       58%         2
 Corpse Rot               Necr/Air       0%         N/A       58%         2
 Sublimation of Blood     Necr           0%         N/A       58%         2
 Mephitic Cloud           Conj/Pois/Air  0%         N/A       82%         3
 Vampiric Draining        Necr           0%         2d6       82%         3


Dungeon Overview and Level Annotations

Branches:
Dungeon (1/15)

Altars:
Kikubaaqudgha


Innate Abilities, Weirdness & Mutations

Your plain brown scales are hard. (AC +4)
You cannot fit into any form of body armour.
You are cold-blooded and may be slowed by cold attacks.


Message History

You closely miss the kobold.
Your tail-slap misses the kobold.
The kobold is severely wounded.
You barely miss the bat. The bat hits you but does no damage. x2
You block the kobold's attack. The kobold hits you but does no damage.
You miss the kobold.
The kobold is severely wounded.
You barely miss the bat. You block the bat's attack.
The bat hits you but does no damage. The kobold hits you but does no damage.
The bat hits you but does no damage.
You closely miss the kobold.
Your tail-slap misses the kobold.
The kobold is severely wounded.
You hit the bat.
You kill the bat!
Kikubaaqudgha accepts your kill. The kobold hits you but does no damage.
You miss the kobold.
Your tail-slap misses the kobold.
The kobold is severely wounded.
The kobold hits you but does no damage.
The kobold hits you with a +0 short sword.
You hit the kobold.
You kill the kobold!
Kikubaaqudgha accepts your kill.
Found a leather armour.
You now have 12 gold pieces.
b - 22 bolts (gained 1)
Items here: )) ††.
Okay, then.
e - a fizzy grey potion
b - 24 bolts (gained 2)
b - 25 bolts (gained 1)
Found a stone staircase leading down.
b - 26 bolts (gained 1)
b - 27 bolts (gained 1)
You now have 28 gold pieces (gained 16).
You start resting.
HP restored.
a - a +2 hand crossbow (weapon)
Okay, then.
Okay, then.
Are you sure you want to abandon this character and quit the game? (Confirm with "yes".)

..............♣..♣
............#♣P..P♣
..###.......♣ ♣♣.♣♣ . #.
#.......♣ P .# #.
#.......♣ ..#
#.###.......♣♣ ...#
.............♣♣ .....
.........⌠....♣♣♣♣......
.....###..._....@.......
..... #.......######...
..... #.......###########
.... #.................#
### ######............#
..## #............# ...#
#............# <..#
#............#
...##########............#


There were no monsters in sight!

Vanquished Creatures
  A dart slug (D:1)
  A ball python (D:1)
  2 endoplasms (D:1)
  A goblin (D:1)
  2 hobgoblins (D:1)
  A kobold (D:1)
  3 bats (D:1)
11 creatures vanquished.

Vanquished Creatures (others)
  A plant (D:1)
1 creature vanquished.

Grand Total: 12 creatures vanquished

Notes
Turn   | Place    | Note
-------+----------+-------------------------------------------
     0 | D:1      | DarkBird the Draconian Wanderer began the quest for the
                  | Orb.
     0 | D:1      | DarkBird set off with the following items: a +2 hand
                  | crossbow, 30 bolts, a +0 hand axe, a +0 buckler
     0 | D:1      | Reached XP level 1. HP: 17/17 MP: 1/1
   126 | D:1      | Found a faded altar of an unknown god.
   129 | D:1      | Reached XP level 2. HP: 24/24 MP: 2/2
   152 | D:1      | Prayed at the altar of an unknown god.
   152 | D:1      | Became a worshipper of Kikubaaqudgha
   152 | D:1      | Reached * piety under Kikubaaqudgha
   152 | D:1      | Received a gift from Kikubaaqudgha
   155 | D:1      | Learned a level 1 spell: Magic Dart
   263 | D:1      | Quit the game

Illustrated notes

Levels and vault maps discovered:
D:1:      noname_arrival_rooms_in_the_neighbourhood, layout_basic,
          ebering_ecumenical_altar_abandoned, serial_forest,
          infiniplex_forest_side_room, infiniplex_forest_lined_3_way,
          infiniplex_forest_end_2, infiniplex_forest_clump_medium,
          infiniplex_forest_clump_small, infiniplex_forest_lined_3,
          minmay_hedge_maze

Action                   || total
-------------------------++-------
Melee: Hand axe          ||     9
 Fire: Hand crossbow     ||    17
Armor: Skin              ||    10
Dodge: Dodged            ||     6
Block: Buckler           ||     5

Table legend: (Time is in decaauts)
 A = Elapsed time spent in this place.
 B = Non-inter-level travel time spent in this place.
 C = Inter-level travel time spent in this place.
 D = Time resting spent in this place.
 E = Time spent auto-exploring this place.
 F = Levels seen in this place.
 G = Mean time per level.
                   A        B        C        D        E       F      G
               +--------+--------+--------+--------+--------+-----+--------+
         Total |    269 |    161 |    108 |     42 |     26 |   1 |  269.0 |
       Dungeon |    269 |    161 |    108 |     42 |     26 |   1 |  269.0 |
               +--------+--------+--------+--------+--------+-----+--------+

Top non-repeatable levels by time:
     D:1: 269 daAuts
